 Dungeon Crawl Stone Soup version 0.30-a0-292-g0f741e3f8e (webtiles) character file.

Game seed: 2386037574544582219

287 pokeman the Magician (level 6, -10/34 HPs)
             Began as a Deep Elf Hedge Wizard on Oct 17, 2022.
             Mangled by an ogre
             ... wielding a +0 giant club
              (27 damage)
             ... on level 3 of the Dungeon on Oct 18, 2022.
             The game lasted 00:05:46 (3148 turns).

pokeman the Magician (Deep Elf Hedge Wizard)        Turns: 3148, Time: 00:05:47

Health: -10/34     AC:  3    Str:  7    XL:     6   Next: 8%
Magic:  10/17      EV: 13    Int: 21    God:
Gold:   132        SH:  0    Dex: 14    Spells: 10/18 levels left

rFire   . . .      SeeInvis .    i - +2 dagger (speed)
rCold   . . .      Faith    .    (no shield)
rNeg    . . .      Spirit   .    b - +0 robe
rPois   .          Reflect  .    v - +0 helmet
rElec   .          Harm     .    (no cloak)
rCorr   .          Rampage  .    (no gloves)
Will    .....                    (no boots)
Stlth   ++........               t - amulet of the acrobat
HPRegen 0.25/turn                (no ring)
MPRegen 0.15/turn                (no ring)

@: no status effects
A: no striking features
a: no special abilities


You were on level 3 of the Dungeon.
You visited 1 branch of the dungeon, and saw 3 of its levels.

You collected 132 gold pieces.

Inventory:

Hand Weapons
 i - a +2 dagger of speed (weapon)
Armour
 b - a +0 robe (worn)
 v - a +0 helmet (worn)
Jewellery
 t - an amulet of the acrobat (around neck)
Wands
 p - a wand of paralysis (5)
Scrolls
 a - a scroll of blinking {unknown}
 g - a scroll of silence {unknown}
 h - 6 scrolls of identify {unknown}
 n - a scroll of noise {unknown}
 o - a scroll of immolation {unknown}
 q - a scroll of acquirement {unknown}
 r - a scroll of poison {unknown}
 u - a scroll of teleportation {unknown}
 y - 2 scrolls of torment {unknown}
Potions
 c - a potion of flight {unknown}
 d - a potion of magic
 e - a potion of mutation {unknown}
 f - 2 potions of curing {unknown}
 j - a potion of heal wounds {unknown}
 k - a potion of invisibility {unknown}
 l - a potion of resistance {unknown}
 m - a potion of degeneration {unknown}
 s - a potion of lignification {unknown}
 w - a potion of might {unknown}
 x - a potion of attraction {unknown}


   Skills:
 - Level 1.0 Fighting
 - Level 1.1 Armour
 - Level 3.2 Dodging
 - Level 3.4 Stealth
 * Level 6.8 Spellcasting
 + Level 3.1 Conjurations
 - Level 1.1 Summonings
 - Level 1.1 Translocations
 + Level 0.5 Air Magic
 + Level 0.5 Poison Magic


You had 10 spell levels left.
You knew the following spells:

 Your Spells              Type           Power      Damage    Failure   Level
a - Magic Dart            Conj           80%        1d7       2%          1
b - Mephitic Cloud        Conj/Pois/Air  12%        N/A       16%         3
c - Call Imp              Summ           11%        N/A       9%          2
d - Blink                 Tloc           22%        N/A       9%          2

Your spell library contained the following spells:

 Spells                   Type           Power      Damage    Failure   Level
 Kiss of Death            Conj/Necr      52%        2d9       4%          1
 Slow                     Hex            28%        N/A       9%          1
 Cigotuvi's Dreadful Rot  Necr/Pois/Air  16%        N/A       12%         2
 Confusing Touch          Hex            7%         N/A       26%         3
 Dispel Undead            Necr           7%         3d8       65%         4


Dungeon Overview and Level Annotations

Branches:
Dungeon (3/15)

Altars:
Cheibriados


Message History

Casting: Magic Dart (safe; 2% risk of failure)
Confirm with . or Enter, or press ? or * to list all spells.
Aiming: Magic Dart (safe; 2% risk of failure)
Press: ? - help, Shift-Dir - straight line, f/p - ogre
Aim: an ogre, wielding a +0 giant club (heavily wounded, 100% to hit)
The magic dart hits the ogre but does no damage.
The ogre is heavily wounded.
Casting: Magic Dart (safe; 2% risk of failure)
Confirm with . or Enter, or press ? or * to list all spells.
Aiming: Magic Dart (safe; 2% risk of failure)
Press: ? - help, Shift-Dir - straight line, f/p - ogre
Aim: an ogre, wielding a +0 giant club (heavily wounded, 100% to hit)
The magic dart hits the ogre.
The ogre is severely wounded.
Casting: Magic Dart (safe; 2% risk of failure)
Confirm with . or Enter, or press ? or * to list all spells.
Aiming: Magic Dart (safe; 2% risk of failure)
Press: ? - help, Shift-Dir - straight line, f/p - ogre
Aim: an ogre, wielding a +0 giant club (severely wounded, 100% to hit)
The magic dart hits the ogre.
The ogre is severely wounded.
Casting: Magic Dart (safe; 2% risk of failure)
Confirm with . or Enter, or press ? or * to list all spells.
Aiming: Magic Dart (safe; 2% risk of failure)
Press: ? - help, Shift-Dir - straight line, f/p - ogre
Aim: an ogre, wielding a +0 giant club (severely wounded, 100% to hit)
The magic dart hits the ogre.
The ogre is severely wounded.
The ogre hits you with a +0 giant club!!
Ouch! That really hurt!
Casting: Magic Dart (safe; 2% risk of failure)
Confirm with . or Enter, or press ? or * to list all spells.
Aiming: Magic Dart (safe; 2% risk of failure)
Press: ? - help, Shift-Dir - straight line, f/p - ogre
Aim: an ogre, wielding a +0 giant club (severely wounded, 100% to hit)
The magic dart hits the ogre.
The ogre is almost dead.
The ogre hits you with a +0 giant club!!
Ouch! That really hurt!
You die...

..#.#.#.#.
#####+#.#.#.#.#
#......#.#†#.#.
####.......#.#.#.#
#...†.....#.#.#.#.
#######..........#.#.#.#
#..........###....#.#.#.
#..........# #...#.#.#.#
#.....O@##.###....######
#.......##.##......#
........'...#......#
#.......##..#.###..#
#.......##..#.# #..#
#.......# ..#.# #..#
######### #.. #..# ###
#..# ..#


You could see an ogre.

Vanquished Creatures
  Sigmund (D:2)
  An orc wizard (D:3)
  Robin (D:2)
  2 adders
  A worm (D:2)
  2 orcs (D:3)
  7 ball pythons (D:1)
  8 bats
  8 endoplasms
  4 giant cockroaches
  8 goblins
  7 hobgoblins
  A quokka (D:1)
  4 frilled lizards (D:1)
  5 kobolds
  7 rats
67 creatures vanquished.

Vanquished Creatures (collateral kills)
  A worm (D:2)
  An endoplasm (D:2)
  A goblin (D:2)
3 creatures vanquished.

Vanquished Creatures (others)
  2 plants (D:3)
2 creatures vanquished.

Grand Total: 72 creatures vanquished

Notes
Turn   | Place    | Note
-------+----------+-------------------------------------------
     0 | D:1      | pokeman the Deep Elf Hedge Wizard began the quest for the
                  | Orb.
     0 | D:1      | Reached XP level 1. HP: 10/10 MP: 7/7
   211 | D:1      | Reached XP level 2. HP: 16/16 MP: 4/9
   623 | D:1      | Reached skill level 5 in Spellcasting
   771 | D:1      | Reached XP level 3. HP: 20/20 MP: 4/11
   776 | D:1      | Learned a level 3 spell: Mephitic Cloud
   779 | D:1      | Learned a level 2 spell: Call Imp
   782 | D:1      | Learned a level 2 spell: Blink
  1251 | D:2      | Noticed a floating eye
  1253 | D:2      | Found a faded altar of an unknown god.
  1256 | D:2      | Noticed an eye of devastation
  1256 | D:2      | Noticed an eye of devastation
  1256 | D:2      | Noticed an eye of devastation
  1263 | D:2      | You fall into a shaft and drop 1 floor!
  1350 | D:3      | Found a snail-covered altar of Cheibriados.
  1459 | D:3      | Reached skill level 1 in Fighting
  1459 | D:3      | Reached skill level 1 in Armour
  1459 | D:3      | Reached XP level 4. HP: 15/25 MP: 3/13
  1719 | D:2      | Noticed Sigmund
  1735 | D:2      | Killed Sigmund
  1736 | D:2      | Reached skill level 6 in Spellcasting
  1736 | D:2      | Reached XP level 5. HP: 20/29 MP: 1/16
  2218 | D:2      | Noticed Robin
  2222 | D:2      | Killed Robin
  2223 | D:2      | Reached XP level 6. HP: 34/34 MP: 13/17
  3148 | D:3      | Mangled by an ogre

Illustrated notes

Levels and vault maps discovered:
D:1:      saegor_arrival_simple_a, layout_rooms, minmay_nonomino_d4
D:2:      layout_basic, hellmonk_ecumenical_altar_watching_god, uniq_sigmund,
          uniq_robin
D:3:      layout_basic, mainiacjoe_overflow_boulevard, uniq_jessica

Skill      XL: |  1  2  3  4  5 |
---------------+----------------+-----
Spellcasting   | 5 6 |  6.8
Fighting       | 1 |  1.0
Armour         | 1 |  1.1
Conjurations   | 2 3 |  3.1
Dodging        | 3 |  3.2
Stealth        | 3 |  3.4
Summonings     | |  1.1
Translocations | |  1.1
Air Magic      | |  0.5
Poison Magic   | |  0.5

Action                   |  1- 3 |  4- 6 || total
-------------------------+-------+-------++-------
Melee: Dagger            |     3 |    30 ||    33
       Punch             |       |     1 ||     1
 Cast: Magic Dart        |    92 |    67 ||   159
       Call Imp          |     2 |     3 ||     5
       Mephitic Cloud    |       |     7 ||     7
 Stab: Confused          |       |     4 ||     4
Armor: Robe              |     1 |     4 ||     5
Dodge: Dodged            |     4 |    20 ||    24

Table legend: (Time is in decaauts)
 A = Elapsed time spent in this place.
 B = Non-inter-level travel time spent in this place.
 C = Inter-level travel time spent in this place.
 D = Time resting spent in this place.
 E = Time spent auto-exploring this place.
 F = Levels seen in this place.
 G = Mean time per level.
                   A        B        C        D        E       F      G
               +--------+--------+--------+--------+--------+-----+--------+
         Total |   3135 |   3109 |     26 |    326 |   2305 |   3 | 1045.0 |
       Dungeon |   3135 |   3109 |     26 |    326 |   2305 |   3 | 1045.0 |
               +--------+--------+--------+--------+--------+-----+--------+

Top non-repeatable levels by time:
     D:1: 1233 daAuts
     D:2: 1072 daAuts
     D:3: 829 daAuts
